 Dungeon Crawl Stone Soup version 0.31-a0-210-gccc998df9b (webtiles) character file.

Game seed: 13955801572660656452

325698 qw the Slayer (level 20, -4/210 HPs)
             Began as a Minotaur Hexslinger on June 29, 2023.
             Was an Elder of Okawaru.
             Succumbed to a spriggan defender's poison
             ... on level 2 of the Depths.
             The game lasted 00:17:23 (35278 turns).

qw the Slayer (Minotaur Hexslinger)                Turns: 35278, Time: 00:17:24

Health: -4/210     AC: 16    Str: 15    XL:     20   Next: 74%
Magic:  19/26      EV: 45    Int: 13    God:    Okawaru [****..]
Gold:   1361       SH:  5    Dex: 28    Spells: 20/21 levels left

rFire   . . .        x - +10 triple crossbow of Orthodoxy {elec, Int+3}
rCold   + . .        (shield currently unavailable)
rNeg    . . .        u - +0 troll leather armour
rPois   .            e - +0 mask of the Dragon {Will+ Slay+3 SInv}
rElec   .            a - +0 cloak of the Apothecary {rC+ Regen+ Dex+2}
rCorr   .            c - +2 pair of gloves
SInv    +            s - +2 pair of boots
Will    +....        k - amulet of reflection
Stlth   +++          p - +6 ring of dexterity
HPRegen 2.15/turn    y - +5 ring of evasion
MPRegen 0.20/turn

%: reflection
@: lethally poisoned (-4 -> -21), weak-willed, heroic, untranslocatable
A: horns 2, retaliatory headbutt
}: 2/15 runes: serpentine, barnacled
a: Renounce Religion, Heroism, Finesse


You were on level 2 of the Depths.
You worshipped Okawaru.
Okawaru was greatly pleased with you.
You visited 8 branches of the dungeon, and saw 38 of its levels.
You also visited: Sewer.

You collected 4131 gold pieces.
You spent 2770 gold pieces at shops.


Innate Abilities, Weirdness & Mutations

You have a pair of horns on your head.
You reflexively headbutt those who attack you in melee.


   Skills:
 - Level 25.0(27) Fighting
 - Level 22.0(27) Ranged Weapons
 + Level 13.2(18.2) Armour
 - Level 22.0(27) Dodging
 - Level 1.0 Spellcasting
 - Level 2.0 Hexes
 - Level 10.1 Invocations


You had 20 spell levels left.
You knew the following spells:

 Your Spells              Type           Power      Damage    Failure   Level
a - Slow                  Hex            20%        N/A       14%         1

Your spell library contained the following spells:

 Spells                   Type           Power      Damage    Failure   Level
 Inner Flame              Hex/Fire       3%         N/A       52%         3
 Portal Projectile        Hex/Tloc       6%         N/A       52%         3
 Cause Fear               Hex            2%         N/A       80%         4

Inventory:

Hand Weapons
 x - the +10 triple crossbow of Orthodoxy (weapon) {elec, Int+3}
   (Okawaru gifted it to you on level 15 of the Dungeon)

   Int:       It affects your intelligence (+3).
Armour
 a - the +0 cloak of the Apothecary (worn) {rC+ Regen+ Dex+2}
   (You found it on level 11 of the Dungeon)

   Dex:       It affects your dexterity (+2).
   rC:        It protects you from cold.
   Regen:     It increases your rate of health regeneration.
 c - a +2 pair of gloves (worn)
 e - the +0 mask of the Dragon (worn) {Will+ Slay+3 SInv}
   (You acquired it on level 5 of the Dungeon)

   Slay:      It affects your accuracy & damage with ranged weapons and melee
   (+3).
   SInv:      It lets you see invisible.
   Will:      It increases your willpower.
 h - a +2 ring mail of fire resistance
 s - a +2 pair of boots (worn)
 u - a +0 troll leather armour (worn)
Jewellery
 k - an amulet of reflection (around neck)
 l - the ring "Ogyss" {rElec rF+}
   (You bought it in a shop on level 2 of the Orcish Mines)

   [ring of protection from fire]

   rF:        It protects you from fire.
   rElec:     It insulates you from electricity.
 p - a +6 ring of dexterity (left hand)
 y - a +5 ring of evasion (right hand)
Wands
 r - a wand of digging (19)
Scrolls
 g - 14 scrolls of identify
 m - a scroll of brand weapon
 t - 2 scrolls of enchant weapon
 w - 2 scrolls of enchant armour
 z - 7 scrolls of teleportation
Potions
 b - 6 potions of haste
 d - 24 potions of curing
 i - 3 potions of cancellation
 j - 7 potions of might
 o - 3 potions of magic
 q - 3 potions of mutation
 v - 3 potions of enlightenment

Dungeon Overview and Level Annotations

Branches:
Dungeon (15/15)            Temple (1/1) D:4            Lair (5/5) D:9
 Shoals (4/4) Lair:2        Snake (4/4) Lair:2        Slime (0/5) Lair:4
    Orc (2/2) D:12            Elf (0/3) Orc:2        Vaults (4/5) D:14
  Crypt (0/3) Vaults:3     Depths (3/4) D:15          Sewer (visited)

Altars:
Ashenzari
Cheibriados
Dithmenos
Elyvilon
Fedhas
Gozag
Hepliaklqana
Kikubaaqudgha
Makhleb
Nemelex Xobeh
Okawaru
Qazlal
Ru
Sif Muna
Trog
Uskayaw
Vehumet
Wu Jian
Xom
Yredelemnul
Zin
The Shining One

Shops:
D:15 *   Orc:2 (**=   Snake:3 ?   Snake:4 !   Vaults:2 (   Vaults:4 (
Depths:1 (

Portals:
Hell: Depths:1 Depths:2
Abyss: Depths:2
Pandemonium: Depths:2
Ziggurat: Depths:1
Trove: D:10 (give +2 storm dragon scales)

Annotations:
D:3 3 runed translucent doors, qw's ghost, amateur DEHu
D:6 2 transporters, qw's ghost, novice DEHu
D:9 3 runed translucent doors
D:10 2 transporters, qw's ghost, novice MiHs
D:13 1 runed translucent door
Shoals:2 6 transporters
Vaults:4 36 runed doors
Depths:2 2 transporters, the Enchantress


Message History

The spriggan air mage completely misses you.
You shoot a bolt. The bolt misses the Enchantress.
You feel extremely sick.
The spriggan defender hits you with a +2 demon whip of venom!!
You are more poisoned.
The Enchantress completely misses you. You furiously retaliate!
You headbutt the Enchantress!
The spriggan defender hits you with a +2 demon whip of venom!
You are more poisoned.
The spriggan air mage completely misses you.
The spriggan air mage hits you.
You shoot a bolt. The bolt misses the Enchantress.
You feel extremely sick. The Enchantress completely misses you.
The spriggan defender hits you with a +2 demon whip of venom!!
You are lethally poisoned!
The spriggan air mage closely misses you.
You furiously retaliate!
You headbutt the spriggan air mage! The Enchantress completely misses you.
The spriggan air mage waves its arms in wide circles.
The air twists around and strikes you.
You shoot a bolt. The bolt barely misses the Enchantress.
You feel extremely sick.
You block the spriggan defender's attack.
The Enchantress barely misses you. You furiously retaliate!
You headbutt the Enchantress!
The spriggan defender closely misses you.
The spriggan air mage misses you.
The spriggan air mage completely misses you.
You shoot a bolt.
The bolt completely misses the Enchantress.
You feel extremely sick. You block the Enchantress's attack.
The spriggan defender completely misses you.
The Enchantress completely misses you. The spriggan air mage misses you.
You block the spriggan defender's attack.
The spriggan air mage misses you.
You shoot a bolt.
The bolt completely misses the Enchantress.
You die...

..##\.....#
#.###'###'##.####.###
#####....##
#.##.......#.####.#..
##...#
#.##.......'....#.#..
#####
#.##.......#.##.#.#..
#.##.......#....).#..
#..#.......###..###..
##.#.......##...###..
#.iii.....#......'..
#.#@ii....#.^.####..
###.###..######## ###
#....##..#=#!#)#!
#.##.##..########
########.##.##..#(#!#^#!#
#...........##..#######
#.######.##.#####"#=#|#
#....# #.##.# ####.#
#.##.#


You could see the Enchantress (fast, repels missiles), a spriggan defender, 2
spriggan air magi and a spriggan.

Vanquished Creatures
  A titan (Vaults:4)
  A kraken (Shoals:3)
  5 sphinxes
  A shadow dragon (Vaults:4)
  4 nagarajas
  A tengu reaver (Depths:2)
  4 fire giants
  11 vault wardens
  Aizul (Vaults:2)
  Louise (D:15)
  5 stone giants
  6 ironbound thunderhulks
  10 ironbound preservers
  2 spriggan defenders (Depths:3)
  2 orc warlords
  2 very ugly things (Depths:1)
  3 formless jellyfish
  8 dire elephants
  Azrael (Snake:1)
  4 ettins
  9 merfolk impalers
  5 merfolk javelineers
  7 yaktaur captains
  A deep elf high priest (Vaults:2)
  2 jiangshi (Depths:1)
  3 fire dragons
  9 hydras
  Josephine (Snake:1)
  6 great orbs of eyes
  3 salamander tyrants (Snake:4)
  3 ice dragons
  An ogre mage (D:13)
  5 ironbound frosthearts
  A spriggan air mage (Depths:1)
  8 vault guards (Vaults:4)
  Erica (D:10)
  A boulder beetle (Lair:4)
  4 two-headed ogres
  4 merfolk avatars
  A catoblepas (Lair:3)
  15 centaur warriors
  5 merfolk aquamancers
  An alligator snapping turtle (Shoals:1)
  17 anacondas
  3 satyrs
  3 deep troll shamans (Depths:1)
  A vampire mage (Depths:1)
  7 death yaks
  6 deep troll earth magi (Depths:1)
  A tengu warrior (Depths:2)
  14 naga warriors
  8 shock serpents
  4 spriggan berserkers
  16 naga sharpshooters
  Nergalle (Orc:1)
  7 hell knights (Depths:1)
  10 skeletal warriors
  5 skysharks
  Amaemon (D:9)
  2 fire crabs (shapeshifter)
  4 iron trolls
  7 salamander mystics
  A fire crab (D:9)
  3 glowing orange brains
  A spark wasp zombie (D:15)
  A skyshark (shapeshifter) (D:13)
  2 flayed ghosts
  30 deep trolls
  7 naga ritualists
  22 sea snakes
  14 ironbound convokers
  11 orc knights
  A lindwurm (shapeshifter) (Vaults:1)
  2 necromancers
  9 lindwurms
  8 harpies
  7 mana vipers
  6 wizards
  6 deep elf pyromancers
  A phantasmal warrior (Vaults:4)
  An oklob plant (Shoals:4)
  A deep elf archer (D:13)
  36 ugly things
  3 orc sorcerers
  A tengu skeleton (D:15)
  9 fauns
  18 manticores
  32 salamanders
  17 cyclopes
  4 human skeletons (Vaults:3)
  10 guardian serpents (Snake:4)
  15 elephants
  16 vault sentinels
  37 black mambas
  A stone giant skeleton (Vaults:3)
  6 water nymphs
  11 merfolk sirens
  18 naga magi
  2 torpor snails
  An orange demon (D:9)
  4 gargoyles
  10 cane toads
  4 rime drakes
  Maggie (Lair:1)
  6 komodo dragons
  18 yaktaurs
  2 kobold demonologists
  2 yaktaur skeletons (Vaults:3)
  38 merfolk
  3 meliai (D:14)
  5 trolls
  A hornet (Lair:5)
  7 wind drakes
  5 polar bears
  23 blink frogs
  2 spriggan zombies (D:15)
  16 slime creatures
  13 snapping turtles
  A shadow (D:11)
  A centaur simulacrum (D:14)
  4 wyverns
  9 wraiths
  An ettin skeleton (Vaults:3)
  27 yaks
  10 water elementals
  6 basilisks
  2 fire elementals (Snake:1)
  3 steam dragons
  4 vampire mosquitoes (D:12)
  An elf skeleton (Vaults:3)
  5 wargs
  3 acid dragons
  40 nagas
  A floating eye (shapeshifter) (Depths:1)
  4 hell hounds (Snake:1)
  18 water moccasins
  An ogre skeleton (Vaults:3)
  A swamp drake (Orc:2)
  41 orc warriors
  3 sky beasts (D:7)
  A black bear (D:9)
  15 centaurs
  4 ogres
  A boggart (Vaults:2)
  9 wolves
  6 kobold brigands
  15 bullfrogs
  A scorpion (D:4)
  Blork the orc (D:6)
  2 gnoll sergeants
  4 howler monkeys
  An electric eel (Lair:4)
  A lava snake (Orc:1)
  2 crimson imps
  2 hounds (D:6)
  2 jellies
  11 orc priests
  2 gnoll boudas
  An iron imp (Orc:2)
  2 sleepcaps
  3 iguanas
  23 orc wizards
  15 gnolls
  7 adders
  A shadow imp (Orc:2)
  3 white imps
  3 worms
  A dart slug (D:2)
  81 orcs
  8 ball pythons
  9 endoplasms
  6 giant cockroaches
  4 goblins
  8 hobgoblins
  11 jackals
  6 quokkas
  4 bats
  8 frilled lizards
  2 goblin skeletons (D:8)
  3 hobgoblin zombies (D:8)
  38 kobolds
  2 kobold skeletons (D:8)
  A kobold zombie (D:8)
  4 rats (D:1)
  2 tentacles (Shoals:3)
1339 creatures vanquished.

Vanquished Creatures (others)
  A satyr (Shoals:4)
  2 orcs (Orc:2)
  5 tentacles (Shoals:3)
8 creatures vanquished.

Grand Total: 1347 creatures vanquished

Notes
Turn   | Place    | Note
-------+----------+-------------------------------------------
     0 | D:1      | qw the Minotaur Hexslinger began the quest for the Orb.
     0 | D:1      | Reached XP level 1. HP: 16/16 MP: 1/1
     0 | D:1      | 0 ||| qw: Version: 0.3-a-24-ga2abf7b
     0 | D:1      | 0 ||| qw: Game counter: 7037
     0 | D:1      | 0 ||| qw: Melee chars always use a shield: true
     0 | D:1      | 0 ||| qw: God list: Okawaru
     0 | D:1      | 0 ||| qw: Allow faded altars: false
     0 | D:1      | 0 ||| qw: Do Orc after clearing Dungeon:15 true
     0 | D:1      | 0 ||| qw: Do second Lair branch before Depths: true
     0 | D:1      | 0 ||| qw: Lair rune preference: random
     0 | D:1      | 0 ||| qw: Goals: Normal
     0 | D:1      | 0 ||| PLANNING D:1-11
   324 | D:1      | Reached skill level 3 in Ranged Weapons
   325 | D:1      | Reached XP level 2. HP: 23/23 MP: 2/2
   334 | D:1      | 334 ||| SWAPPING to +0 hand crossbow of flaming.
   335 | D:1      | 335 ||| DROPPING +1 sling.
   351 | D:1      | Reached skill level 2 in Fighting
   602 | D:1      | 602 ||| UPGRADING to +0 leather armour.
   612 | D:1      | 612 ||| DROPPING +0 robe.
   613 | D:1      | 613 ||| READING scroll labelled UNUOLUFUXU.
   614 | D:1      | 614 ||| READING 2 scrolls labelled TEDUTZ NEXIMM.
   615 | D:1      | 615 ||| READING scroll labelled AMARAGREIK.
   616 | D:1      | 616 ||| DRINKING 2 fizzy orange potions.
   617 | D:1      | 617 ||| DROPPING scroll of poison.
  1218 | D:2      | Reached XP level 3. HP: 29/29 MP: 3/3
  1477 | D:2      | 1477 ||| UPGRADING to +0 ring mail.
  1487 | D:2      | 1487 ||| UPGRADING to +0 pair of gloves.
  1492 | D:2      | 1492 ||| DROPPING +0 leather armour.
  1520 | D:3      | 1520 ||| PLANNING SEWER
  1541 | D:3      | Found a runed translucent gate.
  1541 | D:3      | Found a runed translucent gate.
  1541 | D:3      | Found a runed translucent gate.
  1546 | D:3      | Noticed qw's ghost (amateur DEHu)
  1546 | D:3      | Identified the +0 leather armour of the Known World {rPois}
  1594 | D:3      | Reached skill level 1 in Armour
  1650 | D:3      | Reached XP level 4. HP: 22/36 MP: 4/4
  1650 | D:3      | 1650 ||| FLEEEEING.
  1653 | D:3      | 1653 ||| FLEEEEING.
  1654 | D:3      | 1654 ||| FLEEEEING.
  1655 | D:3      | 1655 ||| FLEEEEING.
  1656 | D:3      | 1656 ||| FLEEEEING.
  1656 | D:3      | Found the +3 pair of gauntlets of War {Slay+5}
  1657 | D:3      | 1657 ||| FLEEEEING.
  1658 | D:3      | 1658 ||| FLEEEEING.
  1659 | D:3      | 1659 ||| FLEEEEING.
  1660 | D:3      | 1660 ||| FLEEEEING.
  1661 | D:3      | 1661 ||| FLEEEEING.
  1662 | D:3      | 1662 ||| FLEEEEING.
  1663 | D:3      | 1663 ||| FLEEEEING.
  1664 | D:3      | 1664 ||| FLEEEEING.
  1665 | D:3      | 1665 ||| STAIRDANCE
  1699 | D:2      | 1699 ||| READING 2 scrolls labelled GOCAIT YKOWEI.
  1700 | D:2      | 1700 ||| READING 2 scrolls labelled TUNYLOCIBB.
  1701 | D:2      | 1701 ||| DROPPING scroll of revelation.
  1702 | D:2      | 1702 ||| DROPPING scroll of immolation.
  1757 | D:3      | Found a glowing drain.
  1762 | D:3      | 1762 ||| READING scroll labelled VAKHUW ZOPHAY.
  1763 | D:3      | 1763 ||| DRINKING 2 brown potions.
  1800 | Sewer    | Entered a sewer
  1805 | Sewer    | 1805 ||| Stepping ~*~*~tactically~*~*~ (water).
  1811 | Sewer    | 1811 ||| Stepping ~*~*~tactically~*~*~ (water).
  1903 | Sewer    | Reached XP level 5. HP: 44/44 MP: 5/5
  1924 | Sewer    | Reached skill level 3 in Fighting
  1971 | Sewer    | 1971 ||| Stepping ~*~*~tactically~*~*~ (water).
  2116 | Sewer    | 2116 ||| Stepping ~*~*~tactically~*~*~ (water).
  2251 | Sewer    | 2251 ||| READING scroll labelled YSOYSIC RORE.
  2271 | D:3      | 2271 ||| PLANNING D:1-11
  2365 | D:3      | 2365 ||| READING scroll of enchant armour.
  2365 | D:3      | 2365 ||| ENCHANTING +0 pair of gloves.
  2692 | D:3      | 2692 ||| READING 2 scrolls of identify.
  2692 | D:3      | 2692 ||| IDENTIFYING fuming orange potion
  2693 | D:3      | 2693 ||| DROPPING potion of brilliance.
  2746 | D:4      | Reached skill level 6 in Ranged Weapons
  2942 | D:4      | Reached XP level 6. HP: 52/52 MP: 6/6
  3066 | D:4      | Reached skill level 4 in Fighting
  3162 | D:4      | 3162 ||| READING scroll of enchant armour.
  3162 | D:4      | 3162 ||| ENCHANTING +1 pair of gloves.
  3170 | D:4      | Found a staircase to the Ecumenical Temple.
  3171 | D:4      | 3171 ||| PLANNING TEMPLE
  3179 | Temple   | Entered the Ecumenical Temple
  3187 | Temple   | 3187 ||| PLANNING OKAWARU WORSHIP
  3239 | Temple   | Became a worshipper of Warmaster Okawaru
  3240 | Temple   | 3240 ||| PLANNING D:1-11
  3259 | D:4      | 3259 ||| READING scroll labelled QAGOSANUGY.
  3304 | D:5      | Entered Level 5 of the Dungeon
  3308 | D:5      | 3308 ||| STAIRDANCE
  3367 | D:5      | Noticed a water moccasin
  3371 | D:5      | Killed a water moccasin
  3372 | D:5      | Reached XP level 7. HP: 52/60 MP: 7/7
  3882 | D:5      | 3882 ||| UPGRADING to +0 cloak.
  3887 | D:5      | 3887 ||| READING scroll labelled TES EQEISSA.
  3888 | D:5      | 3888 ||| READING scroll labelled YVITIF RUIPI.
  3888 | D:5      | Identified a scroll of acquirement
  3888 | D:5      | 3888 ||| ACQUIRING +0 mask of the Dragon {Will+ Slay+3
                  | SInv}
  3888 | D:5      | Acquired the +0 mask of the Dragon {Will+ Slay+3 SInv}
  3888 | D:5      | Found the +0 mask of the Dragon {Will+ Slay+3 SInv}
  3890 | D:5      | 3890 ||| UPGRADING to +0 mask of the Dragon {Will+ Slay+3
                  | SInv}.
  3895 | D:5      | 3895 ||| DRINKING 2 orange potions.
  3985 | D:6      | Reached * piety under Okawaru
  3986 | D:6      | 3986 ||| INVOKING Heroism.
  3989 | D:6      | Reached skill level 5 in Fighting
  3994 | D:6      | 3994 ||| FLEEEEING.
  3995 | D:6      | 3995 ||| FLEEEEING.
  4116 | D:6      | 4116 ||| FLEEEEING.
  4117 | D:6      | 4117 ||| FLEEEEING.
  4118 | D:6      | 4118 ||| FLEEEEING.
  4119 | D:6      | 4119 ||| FLEEEEING.
  4120 | D:6      | 4120 ||| FLEEEEING.
  4121 | D:6      | 4121 ||| FLEEEEING.
  4122 | D:6      | 4122 ||| FLEEEEING.
  4123 | D:6      | 4123 ||| FLEEEEING.
  4124 | D:6      | 4124 ||| FLEEEEING.
  4125 | D:6      | 4125 ||| FLEEEEING.
  4126 | D:6      | 4126 ||| FLEEEEING.
  4175 | D:6      | Found a transporter.
  4177 | D:6      | Identified the +2 giant club of Xexua {holy, rPois rF+}
  4177 | D:6      | Noticed a two-headed ogre
  4213 | D:6      | Noticed Blork the orc
  4214 | D:6      | 4214 ||| INVOKING Heroism.
  4215 | D:6      | 4215 ||| Stepping ~*~*~tactically~*~*~ (outnumbered).
  4235 | D:6      | 4235 ||| INVOKING Heroism.
  4237 | D:6      | Killed Blork the orc
  4238 | D:6      | Reached skill level 9 in Ranged Weapons
  4238 | D:6      | Reached XP level 8. HP: 28/68 MP: 5/8
  4486 | D:6      | Noticed qw's ghost (novice DEHu)
  4496 | D:6      | Found a transporter.
  4511 | D:6      | 4511 ||| READING scroll of enchant armour.
  4511 | D:6      | 4511 ||| ENCHANTING +0 cloak.
  4688 | D:6      | Found an ancient bone altar of Kikubaaqudgha.
  4717 | D:6      | 4717 ||| UPGRADING to amulet of reflection.
  4722 | D:6      | 4722 ||| DROPPING +6 ring of intelligence.
  4723 | D:6      | 4723 ||| UPGRADING to +4 ring of slaying {mikee}.
  4724 | D:6      | 4724 ||| READING 2 scrolls of identify.
  4724 | D:6      | 4724 ||| IDENTIFYING fuming purple potion
  4796 | D:7      | Reached skill level 3 in Dodging
  4838 | D:7      | Found a glowing silver altar of Zin.
  4972 | D:7      | 4972 ||| INVOKING Heroism.
  4973 | D:7      | 4973 ||| INVOKING Heroism.
  4976 | D:7      | Reached skill level 6 in Fighting
  5143 | D:7      | Found a hide-covered altar of Uskayaw.
  5190 | D:7      | Reached skill level 1 in Invocations
  5192 | D:7      | 5192 ||| INVOKING Heroism.
  5352 | D:7      | Found a shimmering blue altar of Sif Muna.
  5451 | D:7      | Reached skill level 3 in Invocations
  5521 | D:7      | 5521 ||| UPGRADING to ring of willpower.
  5522 | D:7      | 5522 ||| READING scroll labelled UHOEGUASSAD.
  5560 | D:8      | 5560 ||| INVOKING Heroism.
  5562 | D:8      | Reached skill level 3 in Armour
  5563 | D:8      | 5563 ||| Stepping ~*~*~tactically~*~*~ (outnumbered).
  5565 | D:8      | 5565 ||| Stepping ~*~*~tactically~*~*~ (outnumbered).
  5624 | D:8      | 5624 ||| INVOKING Heroism.
  5629 | D:8      | Reached XP level 9. HP: 78/78 MP: 7/10
  5786 | D:8      | Reached ** piety under Okawaru
  5791 | D:8      | Reached skill level 7 in Fighting
  5932 | D:8      | Found a glowing golden altar of the Shining One.
  6021 | D:8      | 6021 ||| READING 3 scrolls of identify.
  6021 | D:8      | 6021 ||| IDENTIFYING bubbling red potion
  6022 | D:8      | 6022 ||| READING 2 scrolls of identify.
  6022 | D:8      | 6022 ||| IDENTIFYING bubbling ruby potion
  6023 | D:8      | 6023 ||| DROPPING potion of invisibility.
  6079 | D:9      | Noticed an orange demon
  6081 | D:9      | Noticed Amaemon
  6082 | D:9      | 6082 ||| INVOKING Heroism.
  6086 | D:9      | Killed an orange demon
  6089 | D:9      | Killed Amaemon
  6226 | D:9      | Noticed a fire crab
  6228 | D:9      | 6228 ||| Stepping ~*~*~tactically~*~*~ (cloud).
  6231 | D:9      | Killed a fire crab
  6231 | D:9      | Reached *** piety under Okawaru
  6232 | D:9      | Reached skill level 12 in Ranged Weapons
  6340 | D:9      | Found a staircase to the Lair.
  6514 | D:9      | Reached XP level 10. HP: 88/88 MP: 12/12
  6537 | D:9      | Reached skill level 8 in Fighting
  6703 | D:9      | 6703 ||| INVOKING Heroism.
  6781 | D:9      | 6781 ||| INVOKING Heroism.
  6887 | D:9      | Found a runed translucent gate.
  6887 | D:9      | Found a runed translucent gate.
  6887 | D:9      | Found a runed translucent gate.
  6888 | D:9      | Noticed a green ugly thing
  6888 | D:9      | Noticed a white ugly thing
  6889 | D:9      | Noticed a glowing orange brain
  6889 | D:9      | Noticed a red ugly thing
  6889 | D:9      | Noticed a purple ugly thing
  6890 | D:9      | Noticed a red ugly thing
  7158 | D:9      | 7158 ||| DROPPING amulet of guardian spirit.
  7159 | D:9      | 7159 ||| PLANNING LAIR
  7159 | D:9      | 7159 ||| READING scroll labelled HOGOULA XEDON.
  7160 | D:9      | 7160 ||| DRINKING 2 purple potions.
  7161 | D:9      | 7161 ||| READING 2 scrolls of identify.
  7161 | D:9      | 7161 ||| IDENTIFYING lumpy white potion
  7162 | D:9      | 7162 ||| DROPPING potion of attraction.
  7216 | Lair:1   | Entered Level 1 of the Lair of Beasts
  7216 | Lair:1   | Noticed Maggie
  7218 | Lair:1   | 7218 ||| STAIRDANCE
  7222 | D:9      | 7222 ||| INVOKING Heroism.
  7456 | Lair:1   | 7456 ||| STAIRDANCE
  7459 | D:9      | 7459 ||| INVOKING Heroism.
  7662 | Lair:1   | 7662 ||| STAIRDANCE
  7807 | Lair:1   | Killed Maggie
  7807 | Lair:1   | Reached **** piety under Okawaru
  7808 | Lair:1   | Reached skill level 9 in Fighting
  7817 | Lair:1   | 7817 ||| INVOKING Heroism.
  7833 | Lair:1   | 7833 ||| INVOKING Heroism.
  7947 | Lair:1   | 7947 ||| INVOKING Heroism.
  8025 | Lair:1   | Found a broken altar of Ashenzari.
  8036 | Lair:1   | Noticed a cane toad
  8037 | Lair:1   | 8037 ||| INVOKING Heroism.
  8100 | Lair:1   | Noticed a cane toad
  8101 | Lair:1   | 8101 ||| INVOKING Heroism.
  8103 | Lair:1   | Killed a cane toad
  8104 | Lair:1   | Reached XP level 11. HP: 97/97 MP: 11/14
  8127 | Lair:1   | 8127 ||| INVOKING Heroism.
  8133 | Lair:1   | Reached skill level 6 in Invocations
  8220 | Lair:1   | 8220 ||| INVOKING Heroism.
  8539 | Lair:1   | 8539 ||| UPGRADING to +0 steam dragon scales.
  8549 | Lair:1   | 8549 ||| DROPPING +0 ring mail.
  8575 | Lair:2   | 8575 ||| INVOKING Heroism.
  8579 | Lair:2   | Noticed a six-headed hydra
  8583 | Lair:2   | Killed a six-headed hydra
  8710 | Lair:2   | Reached skill level 6 in Dodging
  8718 | Lair:2   | Found a staircase to the Shoals.
  8720 | Lair:2   | 8720 ||| INVOKING Heroism.
  8783 | Lair:2   | 8783 ||| FLEEEEING.
  8784 | Lair:2   | 8784 ||| FLEEEEING.
  8786 | Lair:2   | 8786 ||| FLEEEEING.
  8787 | Lair:2   | 8787 ||| FLEEEEING.
  8788 | Lair:2   | 8788 ||| FLEEEEING.
  8789 | Lair:2   | 8789 ||| STAIRDANCE
  8877 | Lair:2   | 8877 ||| INVOKING Heroism.
  9042 | Lair:2   | Noticed a skyshark
  9047 | Lair:2   | Killed a skyshark
  9047 | Lair:2   | Reached ***** piety under Okawaru
  9075 | Lair:2   | 9075 ||| INVOKING Heroism.
  9080 | Lair:2   | Reached skill level 10 in Fighting
  9214 | Lair:2   | Noticed a death yak
  9215 | Lair:2   | 9215 ||| INVOKING Heroism.
  9221 | Lair:2   | Killed a death yak
  9227 | Lair:2   | 9227 ||| INVOKING Heroism.
  9384 | Lair:2   | 9384 ||| INVOKING Heroism.
  9445 | Lair:2   | Found a staircase to the Snake Pit.
  9478 | Lair:2   | 9478 ||| INVOKING Heroism.
  9482 | Lair:2   | Reached skill level 9 in Invocations
  9495 | Lair:2   | You fall into a shaft and drop 1 floor!
  9608 | Lair:3   | Noticed a catoblepas
  9609 | Lair:3   | 9609 ||| INVOKING Heroism.
  9611 | Lair:3   | 9611 ||| Stepping ~*~*~tactically~*~*~ (cloud).
  9616 | Lair:3   | 9616 ||| Stepping ~*~*~tactically~*~*~ (cloud).
  9620 | Lair:3   | 9620 ||| Stepping ~*~*~tactically~*~*~ (cloud).
  9622 | Lair:3   | 9622 ||| Stepping ~*~*~tactically~*~*~ (cloud).
  9623 | Lair:3   | Killed a catoblepas
  9914 | Lair:3   | Reached XP level 12. HP: 106/106 MP: 17/17
  9918 | Lair:3   | Noticed a seven-headed hydra
  9919 | Lair:3   | 9919 ||| INVOKING Heroism.
  9924 | Lair:3   | Killed a seven-headed hydra
 10219 | Lair:3   | 10219 ||| INVOKING Heroism.
 10279 | Lair:3   | 10279 ||| INVOKING Heroism.
 10283 | Lair:3   | Reached skill level 15 in Ranged Weapons
 10681 | Lair:3   | Noticed a seven-headed hydra
 10682 | Lair:3   | 10682 ||| INVOKING Heroism.
 10686 | Lair:3   | Killed a seven-headed hydra
 10779 | Lair:3   | 10779 ||| UPGRADING to +6 ring of dexterity.
 10781 | Lair:3   | 10781 ||| UPGRADING to +4 ring of slaying {mikee}.
 10783 | Lair:3   | 10783 ||| DROPPING ring of willpower.
 10784 | Lair:3   | 10784 ||| READING 2 scrolls of identify.
 10784 | Lair:3   | 10784 ||| IDENTIFYING ruby potion
 10785 | Lair:3   | 10785 ||| DROPPING potion of ambrosia.
 10896 | Lair:4   | Noticed a death yak
 10897 | Lair:4   | 10897 ||| INVOKING Heroism.
 10899 | Lair:4   | Noticed a death yak
 10900 | Lair:4   | Noticed a death yak
 10900 | Lair:4   | Noticed a death yak
 10906 | Lair:4   | Noticed a death yak
 10906 | Lair:4   | Killed a death yak
 10909 | Lair:4   | Killed a death yak
 10910 | Lair:4   | Reached skill level 9 in Dodging
 10910 | Lair:4   | 10910 ||| INVOKING Finesse.
 10917 | Lair:4   | Killed a death yak
 10921 | Lair:4   | Killed a death yak
 10924 | Lair:4   | Killed a death yak
 10936 | Lair:4   | HP: 26/106 [poisoned by a black mamba]
 11179 | Lair:4   | Noticed an eight-headed hydra
 11180 | Lair:4   | 11180 ||| INVOKING Heroism.
 11190 | Lair:4   | Killed an eight-headed hydra
 11222 | Lair:4   | 11222 ||| FLEEEEING.
 11342 | Lair:4   | Reached skill level 11 in Fighting
 11386 | Lair:4   | 11386 ||| INVOKING Heroism.
 11393 | Lair:4   | Received a gift from Okawaru
 11400 | Lair:4   | 11400 ||| SWAPPING to +1 arbalest of draining.
 11472 | Lair:4   | 11472 ||| INVOKING Heroism.
 11480 | Lair:4   | Reached XP level 13. HP: 116/116 MP: 17/19
 11716 | Lair:4   | Found a staircase to the Slime Pits.
 11776 | Lair:4   | 11776 ||| DROPPING amulet of regeneration.
 11777 | Lair:4   | 11777 ||| INVOKING Heroism.
 11778 | Lair:4   | 11778 ||| INVOKING Finesse.
 11854 | Lair:4   | 11854 ||| INVOKING Heroism.
 11944 | Lair:4   | 11944 ||| INVOKING Heroism.
 12237 | Lair:4   | 12237 ||| UPGRADING to +0 pair of boots.
 12279 | Lair:5   | Entered Level 5 of the Lair of Beasts
 12345 | Lair:5   | 12345 ||| INVOKING Heroism.
 12380 | Lair:5   | Reached skill level 6 in Armour
 12386 | Lair:5   | 12386 ||| INVOKING Heroism.
 12577 | Lair:5   | Received a gift from Okawaru
 12706 | Lair:5   | 12706 ||| INVOKING Heroism.
 12741 | Lair:5   | Reached skill level 18 in Ranged Weapons
 12789 | Lair:5   | 12789 ||| INVOKING Heroism.
 12794 | Lair:5   | Reached skill level 12 in Fighting
 12797 | Lair:5   | 12797 ||| INVOKING Finesse.
 12889 | Lair:5   | 12889 ||| INVOKING Heroism.
 12933 | Lair:5   | 12933 ||| INVOKING Heroism.
 12934 | Lair:5   | 12934 ||| Stepping ~*~*~tactically~*~*~ (water).
 12936 | Lair:5   | 12936 ||| INVOKING Finesse.
 12997 | Lair:5   | 12997 ||| READING scroll of enchant armour.
 12997 | Lair:5   | 12997 ||| ENCHANTING +0 steam dragon scales.
 13056 | Lair:5   | 13056 ||| INVOKING Heroism.
 13080 | Lair:5   | Reached XP level 14. HP: 105/126 MP: 20/20
 13331 | Lair:5   | 13331 ||| PLANNING D:1-11
 13331 | Lair:5   | 13331 ||| DROPPING +0 ring mail of cold resistance.
 13332 | Lair:5   | 13332 ||| DROPPING scarf of invisibility.
 13333 | Lair:5   | 13333 ||| DROPPING ring of ice.
 13334 | Lair:5   | 13334 ||| READING scroll labelled KIYFRYEBRU.
 13442 | D:10     | Entered Level 10 of the Dungeon
 13474 | D:10     | 13474 ||| Stepping ~*~*~tactically~*~*~ (outnumbered).
 13518 | D:10     | Found a transporter.
 13538 | D:10     | Found an ornate altar of the Wu Jian Council.
 13539 | D:10     | Found a transporter.
 13545 | D:10     | Noticed qw's ghost (novice MiHs)
 13963 | D:10     | Found a portal to a secret trove of treasure.
 14034 | D:10     | Found a snail-covered altar of Cheibriados.
 14040 | D:10     | Noticed Erica
 14041 | D:10     | 14041 ||| INVOKING Heroism.
 14045 | D:10     | Killed Erica
 14136 | D:10     | 14136 ||| UPGRADING to +0 troll leather armour.
 14146 | D:10     | 14146 ||| DROPPING +1 steam dragon scales.
 14147 | D:10     | 14147 ||| DROPPING ring of flight.
 14148 | D:10     | 14148 ||| READING scroll labelled IKKOXT ZUUGUB.
 14316 | D:11     | Identified the +0 cloak of the Apothecary {rC+ Regen+
                  | Dex+2}
 14391 | D:11     | Reached skill level 13 in Fighting
 14717 | D:11     | 14717 ||| Stepping ~*~*~tactically~*~*~ (outnumbered).
 14718 | D:11     | 14718 ||| Stepping ~*~*~tactically~*~*~ (outnumbered).
 14720 | D:11     | 14720 ||| Stepping ~*~*~tactically~*~*~ (outnumbered).
 14825 | D:11     | 14825 ||| PLANNING D
 14825 | D:11     | 14825 ||| UPGRADING to +0 cloak of the Apothecary {rC+
                  | Regen+ Dex+2}.
 14835 | D:11     | 14835 ||| DROPPING +1 cloak.
 14836 | D:11     | 14836 ||| DRINKING 2 puce potions.
 14884 | D:12     | Identified the +8 plate armour of the Kangaroo {+Inv Regen+
                  | Int+2}
 15098 | D:12     | Reached skill level 12 in Dodging
 15270 | D:12     | Found a staircase to the Orcish Mines.
 15415 | D:12     | 15415 ||| READING scroll of enchant armour.
 15415 | D:12     | 15415 ||| ENCHANTING +0 pair of boots.
 15644 | D:12     | 15644 ||| READING 3 scrolls of identify.
 15644 | D:12     | 15644 ||| IDENTIFYING pink potion
 15645 | D:12     | 15645 ||| READING 2 scrolls of identify.
 15645 | D:12     | 15645 ||| IDENTIFYING sedimented cyan potion
 15646 | D:12     | 15646 ||| DROPPING potion of lignification.
 15710 | D:13     | 15710 ||| INVOKING Heroism.
 15830 | D:13     | Found a runed translucent door.
 15941 | D:13     | Reached skill level 14 in Fighting
 15978 | D:13     | 15978 ||| Stepping ~*~*~tactically~*~*~ (outnumbered).
 15991 | D:13     | 15991 ||| INVOKING Heroism.
 16031 | D:13     | 16031 ||| READING 4 scrolls of identify.
 16031 | D:13     | 16031 ||| IDENTIFYING inky potion
 16032 | D:13     | 16032 ||| DROPPING potion of berserk rage.
 16033 | D:13     | 16033 ||| INVOKING Finesse.
 16066 | D:13     | Paralysed by a great orb of eyes for 3 turns
 16073 | D:13     | 16073 ||| INVOKING Heroism.
 16154 | D:13     | 16154 ||| INVOKING Heroism.
 16155 | D:13     | 16155 ||| INVOKING Finesse.
 16205 | D:13     | Identified the +10 plate armour of Conscience {Str+4}
 16612 | D:13     | 16612 ||| READING scroll labelled TAZ SUEMNOTECH.
 16752 | D:14     | Reached skill level 15 in Fighting
 16799 | D:14     | 16799 ||| INVOKING Heroism.
 16801 | D:14     | 16801 ||| Stepping ~*~*~tactically~*~*~ (outnumbered).
 16847 | D:14     | 16847 ||| Stepping ~*~*~tactically~*~*~ (outnumbered).
 16849 | D:14     | 16849 ||| INVOKING Heroism.
 16854 | D:14     | Received a gift from Okawaru
 16877 | D:14     | 16877 ||| SWAPPING to +2 heavy longbow.
 16878 | D:14     | 16878 ||| DROPPING +0 hand crossbow of flaming.
 16879 | D:14     | 16879 ||| DROPPING +2 arbalest of draining.
 16884 | D:14     | Found a gate to the Vaults.
 17188 | D:14     | Identified the +5 flail of the Lamprey {heavy, rC+ rN+
                  | Str-3}
 17446 | D:15     | Entered Level 15 of the Dungeon
 17562 | D:15     | 17562 ||| INVOKING Heroism.
 17665 | D:15     | 17665 ||| INVOKING Heroism.
 17686 | D:15     | Reached XP level 15. HP: 141/141 MP: 21/21
 17705 | D:15     | 17705 ||| INVOKING Heroism.
 17735 | D:15     | Found a staircase to the Depths.
 17746 | D:15     | 17746 ||| INVOKING Heroism.
 17770 | D:15     | Found Nudiczeh's Assorted Antiques.
 17775 | D:15     | 17775 ||| BUYING potion of cancellation (272 gold).
 17775 | D:15     | Bought a potion of cancellation for 272 gold pieces
 17775 | D:15     | 17775 ||| BUYING shiny ring mail (238 gold).
 17775 | D:15     | Bought a shiny ring mail for 238 gold pieces
 17834 | D:15     | Identified the +10 triple crossbow of Orthodoxy {elec,
                  | Int+3} (Okawaru gifted it to you on level 15 of the
                  | Dungeon)
 17834 | D:15     | Received a gift from Okawaru
 17836 | D:15     | 17836 ||| SWAPPING to +10 triple crossbow of Orthodoxy
                  | {elec, Int+3}.
 17837 | D:15     | 17837 ||| DROPPING +2 heavy longbow.
 17839 | D:15     | Noticed Louise
 17840 | D:15     | 17840 ||| INVOKING Heroism.
 17841 | D:15     | 17841 ||| INVOKING Finesse.
 17843 | D:15     | Killed Louise
 17940 | D:15     | Found a broken altar of Ashenzari.
 18235 | D:15     | 18235 ||| PLANNING ORC
 18235 | D:15     | 18235 ||| DROPPING +4 ring mail of positive energy.
 18358 | Orc:1    | Entered Level 1 of the Orcish Mines
 18366 | Orc:1    | Noticed Nergalle
 18370 | Orc:1    | Killed Nergalle
 18371 | Orc:1    | 18371 ||| Stepping ~*~*~tactically~*~*~ (outnumbered).
 18637 | Orc:1    | 18637 ||| INVOKING Heroism.
 18733 | Orc:1    | 18733 ||| INVOKING Heroism.
 18961 | Orc:2    | Entered Level 2 of the Orcish Mines
 18962 | Orc:2    | 18962 ||| INVOKING Heroism.
 18970 | Orc:2    | 18970 ||| STAIRDANCE
 19018 | Orc:2    | 19018 ||| INVOKING Heroism.
 19026 | Orc:2    | HP: 27/141 [orc warlord/+1 war axe of flaming (14)]
 19027 | Orc:2    | 19027 ||| STAIRDANCE
 19029 | Orc:1    | 19029 ||| READING 2 scrolls of teleportation.
 19030 | Orc:1    | 19030 ||| DRINKING 7 potions of heal wounds.
 19033 | Orc:1    | Noticed a fire giant
 19034 | Orc:1    | HP: 29/141 [cyclops/large rock (33)]
 19035 | Orc:1    | 19035 ||| READING scroll of teleportation.
 19036 | Orc:1    | 19036 ||| DRINKING 6 potions of heal wounds.
 19039 | Orc:1    | Killed a fire giant
 19184 | Orc:1    | 19184 ||| INVOKING Heroism.
 19299 | Orc:1    | 19299 ||| INVOKING Heroism.
 19435 | Orc:2    | 19435 ||| STAIRDANCE
 19479 | Orc:2    | Found a staircase to the Elven Halls.
 19502 | Orc:2    | 19502 ||| INVOKING Heroism.
 19593 | Orc:2    | 19593 ||| Stepping ~*~*~tactically~*~*~ (outnumbered).
 19595 | Orc:2    | 19595 ||| Stepping ~*~*~tactically~*~*~ (outnumbered).
 19599 | Orc:2    | 19599 ||| Stepping ~*~*~tactically~*~*~ (outnumbered).
 19602 | Orc:2    | 19602 ||| Stepping ~*~*~tactically~*~*~ (outnumbered).
 19605 | Orc:2    | 19605 ||| Stepping ~*~*~tactically~*~*~ (outnumbered).
 19652 | Orc:2    | 19652 ||| Stepping ~*~*~tactically~*~*~ (outnumbered).
 19654 | Orc:2    | 19654 ||| INVOKING Heroism.
 19656 | Orc:2    | 19656 ||| Stepping ~*~*~tactically~*~*~ (outnumbered).
 19666 | Orc:2    | 19666 ||| Stepping ~*~*~tactically~*~*~ (outnumbered).
 19677 | Orc:2    | 19677 ||| Stepping ~*~*~tactically~*~*~ (outnumbered).
 19692 | Orc:2    | 19692 ||| Stepping ~*~*~tactically~*~*~ (outnumbered).
 19694 | Orc:2    | 19694 ||| Stepping ~*~*~tactically~*~*~ (outnumbered).
 19695 | Orc:2    | 19695 ||| INVOKING Heroism.
 19698 | Orc:2    | 19698 ||| Stepping ~*~*~tactically~*~*~ (outnumbered).
 19801 | Orc:2    | 19801 ||| Stepping ~*~*~tactically~*~*~ (outnumbered).
 19802 | Orc:2    | 19802 ||| Stepping ~*~*~tactically~*~*~ (outnumbered).
 19808 | Orc:2    | 19808 ||| Stepping ~*~*~tactically~*~*~ (outnumbered).
 19809 | Orc:2    | 19809 ||| Stepping ~*~*~tactically~*~*~ (outnumbered).
 19812 | Orc:2    | 19812 ||| Stepping ~*~*~tactically~*~*~ (outnumbered).
 19813 | Orc:2    | 19813 ||| Stepping ~*~*~tactically~*~*~ (outnumbered).
 19814 | Orc:2    | 19814 ||| Stepping ~*~*~tactically~*~*~ (outnumbered).
 19816 | Orc:2    | 19816 ||| Stepping ~*~*~tactically~*~*~ (outnumbered).
 19817 | Orc:2    | 19817 ||| Stepping ~*~*~tactically~*~*~ (outnumbered).
 19825 | Orc:2    | 19825 ||| INVOKING Heroism.
 19912 | Orc:2    | Found Xiupp's Assorted Antiques.
 19912 | Orc:2    | Found Ety Xio's General Store.
 19914 | Orc:2    | Found Teni's Jewellery Emporium.
 19916 | Orc:2    | Found Iluimel's Antique Weapon Boutique.
 19920 | Orc:2    | 19920 ||| BUYING potion of curing (108 gold).
 19920 | Orc:2    | Bought a potion of curing for 108 gold pieces
 19920 | Orc:2    | 19920 ||| BUYING potion of might (144 gold).
 19920 | Orc:2    | Bought a potion of might for 144 gold pieces
 19920 | Orc:2    | 19920 ||| BUYING wand of digging (4) (604 gold).
 19920 | Orc:2    | Bought a wand of digging (4) for 604 gold pieces
 19921 | Orc:2    | 19921 ||| BUYING potion of magic (104 gold).
 19921 | Orc:2    | Bought a potion of magic for 104 gold pieces
 19921 | Orc:2    | 19921 ||| BUYING potion of might (52 gold).
 19921 | Orc:2    | Bought a potion of might for 52 gold pieces
 19921 | Orc:2    | 19921 ||| BUYING ring "Ogyss" {rElec rF+} (507 gold).
 19921 | Orc:2    | Bought the ring "Ogyss" {rElec rF+} for 507 gold pieces
 19921 | Orc:2    | 19921 ||| BUYING scroll of identify (26 gold).
 19921 | Orc:2    | Bought a scroll of identify for 26 gold pieces
 19923 | Orc:2    | 19923 ||| BUYING ring of poison resistance (200 gold).
 19923 | Orc:2    | Bought a ring of poison resistance for 200 gold pieces
 19964 | Orc:2    | 19964 ||| DRINKING 5 potions of resistance.
 20057 | Orc:2    | 20057 ||| PLANNING SHOALS:1-3
 20057 | Orc:2    | 20057 ||| DROPPING +1 hat.
 20058 | Orc:2    | 20058 ||| UPGRADING to ring of poison resistance.
 20232 | Shoals:1 | Entered Level 1 of the Shoals
 20250 | Shoals:1 | 20250 ||| READING scroll of enchant armour.
 20250 | Shoals:1 | 20250 ||| ENCHANTING +1 pair of boots.
 20294 | Shoals:1 | 20294 ||| INVOKING Heroism.
 20300 | Shoals:1 | 20300 ||| Stepping ~*~*~tactically~*~*~ (water).
 20304 | Shoals:1 | Reached skill level 21 in Ranged Weapons
 20373 | Shoals:1 | 20373 ||| INVOKING Heroism.
 20403 | Shoals:1 | 20403 ||| Stepping ~*~*~tactically~*~*~ (outnumbered).
 20404 | Shoals:1 | 20404 ||| Stepping ~*~*~tactically~*~*~ (outnumbered).
 20406 | Shoals:1 | 20406 ||| Stepping ~*~*~tactically~*~*~ (outnumbered).
 20475 | Shoals:1 | 20475 ||| INVOKING Heroism.
 20639 | Shoals:1 | 20639 ||| INVOKING Heroism.
 20728 | Shoals:1 | 20728 ||| INVOKING Heroism.
 20770 | Shoals:1 | 20770 ||| FLEEEEING.
 20869 | Shoals:1 | 20869 ||| Stepping ~*~*~tactically~*~*~ (water).
 20873 | Shoals:1 | 20873 ||| INVOKING Heroism.
 20877 | Shoals:1 | Reached XP level 16. HP: 96/149 MP: 19/22
 20979 | Shoals:1 | 20979 ||| DROPPING scarf of repulsion.
 20980 | Shoals:1 | 20980 ||| READING scroll labelled TAH EKABANG.
 21040 | Shoals:2 | 21040 ||| STAIRDANCE
 21054 | Shoals:2 | 21054 ||| STAIRDANCE
 21081 | Shoals:2 | Identified the +4 plate armour of Buskyeti {Fly}
 21108 | Shoals:2 | Found a transporter.
 21110 | Shoals:2 | Found a transporter.
 21125 | Shoals:2 | 21125 ||| Stepping ~*~*~tactically~*~*~ (outnumbered).
 21166 | Shoals:2 | 21166 ||| INVOKING Heroism.
 21201 | Shoals:2 | 21201 ||| INVOKING Heroism.
 21230 | Shoals:2 | 21230 ||| Stepping ~*~*~tactically~*~*~ (outnumbered).
 21236 | Shoals:2 | 21236 ||| INVOKING Heroism.
 21322 | Shoals:2 | 21322 ||| FLEEEEING.
 21323 | Shoals:2 | 21323 ||| FLEEEEING.
 21324 | Shoals:2 | 21324 ||| FLEEEEING.
 21325 | Shoals:2 | 21325 ||| FLEEEEING.
 21326 | Shoals:2 | 21326 ||| FLEEEEING.
 21327 | Shoals:2 | 21327 ||| INVOKING Heroism.
 21328 | Shoals:2 | 21328 ||| Stepping ~*~*~tactically~*~*~ (water).
 21339 | Shoals:2 | HP: 31/149 [merfolk/boomerang[a merfolk impaler] (15)]
 21340 | Shoals:2 | 21340 ||| READING scroll of teleportation.
 21341 | Shoals:2 | 21341 ||| DRINKING 5 potions of heal wounds.
 21399 | Shoals:2 | Found a transporter.
 21400 | Shoals:2 | Found a transporter.
 21432 | Shoals:2 | Found a transporter.
 21435 | Shoals:2 | Found a transporter.
 21452 | Shoals:2 | 21452 ||| INVOKING Heroism.
 21721 | Shoals:3 | Reached skill level 16 in Fighting
 21748 | Shoals:3 | 21748 ||| FLEEEEING.
 21749 | Shoals:3 | 21749 ||| FLEEEEING.
 21750 | Shoals:3 | 21750 ||| FLEEEEING.
 21767 | Shoals:3 | 21767 ||| Stepping ~*~*~tactically~*~*~ (cloud).
 21920 | Shoals:3 | 21920 ||| INVOKING Heroism.
 21932 | Shoals:3 | 21932 ||| Stepping ~*~*~tactically~*~*~ (water).
 21968 | Shoals:3 | Noticed a kraken
 21970 | Shoals:3 | 21970 ||| Stepping ~*~*~tactically~*~*~ (water).
 21976 | Shoals:3 | 21976 ||| INVOKING Heroism.
 21992 | Shoals:3 | Killed a kraken
 21993 | Shoals:3 | Reached skill level 15 in Dodging
 22348 | Shoals:3 | 22348 ||| PLANNING SNAKE:1-3
 22420 | Snake:1  | Entered Level 1 of the Snake Pit
 22425 | Snake:1  | 22425 ||| Stepping ~*~*~tactically~*~*~ (outnumbered).
 22427 | Snake:1  | 22427 ||| INVOKING Heroism.
 22435 | Snake:1  | 22435 ||| Stepping ~*~*~tactically~*~*~ (outnumbered).
 22439 | Snake:1  | 22439 ||| Stepping ~*~*~tactically~*~*~ (outnumbered).
 22442 | Snake:1  | Reached skill level 9 in Armour
 22455 | Snake:1  | 22455 ||| Stepping ~*~*~tactically~*~*~ (outnumbered).
 22578 | Snake:1  | 22578 ||| INVOKING Heroism.
 22605 | Snake:1  | Noticed Azrael
 22606 | Snake:1  | 22606 ||| Stepping ~*~*~tactically~*~*~ (outnumbered).
 22608 | Snake:1  | 22608 ||| Stepping ~*~*~tactically~*~*~ (outnumbered).
 22609 | Snake:1  | 22609 ||| INVOKING Heroism.
 22610 | Snake:1  | 22610 ||| INVOKING Finesse.
 22612 | Snake:1  | Killed Azrael
 22691 | Snake:1  | Reached skill level 17 in Fighting
 22720 | Snake:1  | 22720 ||| INVOKING Heroism.
 22755 | Snake:1  | Noticed Josephine
 22756 | Snake:1  | Killed Josephine
 23134 | Snake:1  | 23134 ||| INVOKING Heroism.
 23136 | Snake:1  | Received a gift from Okawaru
 23201 | Snake:1  | 23201 ||| DROPPING +0 ring mail of poison resistance.
 23215 | Snake:2  | Identified the +10 shortbow of Foacoe Kaha {drain, Fly
                  | Str-2 Int+9 Dex-3}
 23508 | Snake:2  | 23508 ||| Stepping ~*~*~tactically~*~*~ (outnumbered).
 23509 | Snake:2  | 23509 ||| Stepping ~*~*~tactically~*~*~ (outnumbered).
 23678 | Snake:2  | 23678 ||| DROPPING +4 ring of slaying {mikee}.
 23679 | Snake:2  | 23679 ||| UPGRADING to +5 ring of evasion.
 23681 | Snake:2  | 23681 ||| DROPPING ring of poison resistance.
 23704 | Snake:3  | 23704 ||| INVOKING Heroism.
 23707 | Snake:3  | Reached XP level 17. HP: 161/161 MP: 20/23
 23881 | Snake:3  | Reached skill level 18 in Fighting
 23907 | Snake:3  | 23907 ||| Stepping ~*~*~tactically~*~*~ (outnumbered).
 23914 | Snake:3  | 23914 ||| Stepping ~*~*~tactically~*~*~ (outnumbered).
 23919 | Snake:3  | 23919 ||| Stepping ~*~*~tactically~*~*~ (outnumbered).
 23988 | Snake:3  | Found Calolaje's Jewellery Emporium.
 23998 | Snake:3  | 23998 ||| Stepping ~*~*~tactically~*~*~ (outnumbered).
 24026 | Snake:3  | Found Dirghump's Magic Scroll Shoppe.
 24036 | Snake:3  | 24036 ||| BUYING scroll of brand weapon (123 gold).
 24036 | Snake:3  | Bought a scroll of brand weapon for 123 gold pieces
 24036 | Snake:3  | 24036 ||| BUYING scroll of identify (26 gold).
 24036 | Snake:3  | Bought a scroll of identify for 26 gold pieces
 24036 | Snake:3  | 24036 ||| BUYING scroll of identify (26 gold).
 24036 | Snake:3  | Bought a scroll of identify for 26 gold pieces
 24135 | Snake:3  | 24135 ||| INVOKING Heroism.
 24179 | Snake:3  | 24179 ||| INVOKING Heroism.
 24423 | Snake:3  | 24423 ||| PLANNING SHOALS:4
 24568 | Shoals:4 | Entered Level 4 of the Shoals
 24658 | Shoals:4 | Found an opulent altar of Gozag.
 24660 | Shoals:4 | 24660 ||| INVOKING Heroism.
 24669 | Shoals:4 | 24669 ||| Stepping ~*~*~tactically~*~*~ (water).
 24680 | Shoals:4 | 24680 ||| INVOKING Finesse.
 24682 | Shoals:4 | 24682 ||| Stepping ~*~*~tactically~*~*~ (water).
 24683 | Shoals:4 | 24683 ||| Stepping ~*~*~tactically~*~*~ (water).
 24684 | Shoals:4 | 24684 ||| Stepping ~*~*~tactically~*~*~ (water).
 24685 | Shoals:4 | 24685 ||| Stepping ~*~*~tactically~*~*~ (water).
 24689 | Shoals:4 | 24689 ||| INVOKING Heroism.
 24728 | Shoals:4 | 24728 ||| INVOKING Heroism.
 24773 | Shoals:4 | 24773 ||| INVOKING Heroism.
 24860 | Shoals:4 | 24860 ||| Stepping ~*~*~tactically~*~*~ (water).
 24863 | Shoals:4 | 24863 ||| FLEEEEING.
 24864 | Shoals:4 | 24864 ||| FLEEEEING.
 24901 | Shoals:4 | 24901 ||| INVOKING Heroism.
 24902 | Shoals:4 | 24902 ||| Stepping ~*~*~tactically~*~*~ (outnumbered).
 24903 | Shoals:4 | 24903 ||| Stepping ~*~*~tactically~*~*~ (outnumbered).
 25050 | Shoals:4 | 25050 ||| INVOKING Heroism.
 25055 | Shoals:4 | Reached skill level 19 in Fighting
 25069 | Shoals:4 | 25069 ||| Stepping ~*~*~tactically~*~*~ (water).
 25070 | Shoals:4 | 25070 ||| Stepping ~*~*~tactically~*~*~ (water).
 25084 | Shoals:4 | 25084 ||| Stepping ~*~*~tactically~*~*~ (water).
 25103 | Shoals:4 | Got a barnacled rune of Zot
 25121 | Shoals:4 | Identified the +10 mace of the Unspeakable One {drain, SInv
                  | Stlth+}
 25142 | Shoals:4 | 25142 ||| INVOKING Heroism.
 25155 | Shoals:4 | Received a gift from Okawaru
 25158 | Shoals:4 | 25158 ||| INVOKING Heroism.
 25291 | Shoals:4 | 25291 ||| INVOKING Heroism.
 25303 | Shoals:4 | Received a gift from Okawaru
 25304 | Shoals:4 | Reached skill level 18 in Dodging
 25470 | Shoals:4 | 25470 ||| PLANNING VAULTS:1-4
 25470 | Shoals:4 | 25470 ||| DROPPING +0 robe of resistance.
 25684 | Vaults:1 | Entered Level 1 of the Vaults
 25689 | Vaults:1 | 25689 ||| STAIRDANCE
 25756 | Vaults:1 | Reached XP level 18. HP: 176/176 MP: 24/24
 25763 | Vaults:1 | Found the +18 shield of the Gong {Loud rN+ Will+ rCorr
                  | EV-5}
 25845 | Vaults:1 | 25845 ||| DRINKING 4 potions of resistance.
 25939 | Vaults:1 | Paralysed by a sphinx for 4 turns
 25945 | Vaults:1 | Reached skill level 20 in Fighting
 26434 | Vaults:1 | 26434 ||| Stepping ~*~*~tactically~*~*~ (outnumbered).
 26435 | Vaults:1 | 26435 ||| Stepping ~*~*~tactically~*~*~ (outnumbered).
 26436 | Vaults:1 | 26436 ||| Stepping ~*~*~tactically~*~*~ (outnumbered).
 26438 | Vaults:1 | Received a gift from Okawaru
 26453 | Vaults:1 | Received a gift from Okawaru
 26455 | Vaults:1 | 26455 ||| INVOKING Heroism.
 26487 | Vaults:1 | 26487 ||| DROPPING +3 triple crossbow of draining.
 26616 | Vaults:1 | You fall into a shaft and drop 1 floor!
 26647 | Vaults:2 | 26647 ||| DROPPING ring of protection from fire.
 26882 | Vaults:2 | Found Xyoq's Weapon Boutique.
 27000 | Vaults:2 | 27000 ||| FLEEEEING.
 27001 | Vaults:2 | 27001 ||| FLEEEEING.
 27002 | Vaults:2 | 27002 ||| FLEEEEING.
 27179 | Vaults:2 | 27179 ||| INVOKING Heroism.
 27180 | Vaults:2 | 27180 ||| INVOKING Finesse.
 27303 | Vaults:2 | 27303 ||| FLEEEEING.
 27304 | Vaults:2 | 27304 ||| FLEEEEING.
 27305 | Vaults:2 | 27305 ||| FLEEEEING.
 27306 | Vaults:2 | 27306 ||| FLEEEEING.
 27307 | Vaults:2 | 27307 ||| FLEEEEING.
 27308 | Vaults:2 | 27308 ||| FLEEEEING.
 27314 | Vaults:2 | 27314 ||| FLEEEEING.
 27315 | Vaults:2 | 27315 ||| FLEEEEING.
 27316 | Vaults:2 | 27316 ||| FLEEEEING.
 27317 | Vaults:2 | 27317 ||| FLEEEEING.
 27318 | Vaults:2 | 27318 ||| FLEEEEING.
 27319 | Vaults:2 | 27319 ||| FLEEEEING.
 27320 | Vaults:2 | 27320 ||| FLEEEEING.
 27321 | Vaults:2 | 27321 ||| FLEEEEING.
 27322 | Vaults:2 | 27322 ||| FLEEEEING.
 27323 | Vaults:2 | 27323 ||| FLEEEEING.
 27413 | Vaults:2 | 27413 ||| DRINKING 3 potions of resistance.
 27453 | Vaults:2 | Noticed Aizul
 27454 | Vaults:2 | 27454 ||| INVOKING Heroism.
 27455 | Vaults:2 | 27455 ||| INVOKING Finesse.
 27459 | Vaults:2 | Killed Aizul
 27521 | Vaults:2 | Paralysed by a sphinx for 3 turns
 27528 | Vaults:2 | 27528 ||| FLEEEEING.
 27529 | Vaults:2 | 27529 ||| FLEEEEING.
 27530 | Vaults:2 | 27530 ||| FLEEEEING.
 27531 | Vaults:2 | 27531 ||| FLEEEEING.
 27532 | Vaults:2 | 27532 ||| FLEEEEING.
 27533 | Vaults:2 | 27533 ||| FLEEEEING.
 27534 | Vaults:2 | 27534 ||| FLEEEEING.
 27535 | Vaults:2 | 27535 ||| FLEEEEING.
 27536 | Vaults:2 | 27536 ||| FLEEEEING.
 27537 | Vaults:2 | 27537 ||| FLEEEEING.
 27538 | Vaults:2 | 27538 ||| FLEEEEING.
 27539 | Vaults:2 | 27539 ||| FLEEEEING.
 27540 | Vaults:2 | 27540 ||| FLEEEEING.
 27541 | Vaults:2 | 27541 ||| FLEEEEING.
 27542 | Vaults:2 | 27542 ||| FLEEEEING.
 27543 | Vaults:2 | 27543 ||| FLEEEEING.
 27544 | Vaults:2 | 27544 ||| FLEEEEING.
 27545 | Vaults:2 | 27545 ||| FLEEEEING.
 27546 | Vaults:2 | 27546 ||| FLEEEEING.
 27547 | Vaults:2 | 27547 ||| FLEEEEING.
 27548 | Vaults:2 | 27548 ||| FLEEEEING.
 27549 | Vaults:2 | 27549 ||| FLEEEEING.
 27555 | Vaults:2 | 27555 ||| STAIRDANCE
 27757 | Vaults:1 | 27757 ||| DROPPING ring of resist corrosion.
 27762 | Vaults:2 | 27762 ||| FLEEEEING.
 27764 | Vaults:2 | 27764 ||| STAIRDANCE
 27876 | Vaults:2 | 27876 ||| STAIRDANCE
 28111 | Vaults:2 | 28111 ||| DRINKING 2 potions of resistance.
 28422 | Vaults:2 | 28422 ||| DROPPING +6 ring of strength.
 28497 | Vaults:3 | Reached skill level 21 in Fighting
 28500 | Vaults:3 | 28500 ||| FLEEEEING.
 28501 | Vaults:3 | 28501 ||| FLEEEEING.
 28502 | Vaults:3 | 28502 ||| FLEEEEING.
 28503 | Vaults:3 | 28503 ||| STAIRDANCE
 28608 | Vaults:3 | 28608 ||| STAIRDANCE
 28756 | Vaults:3 | Paralysed by a formless jellyfish for 1 turns
 28773 | Vaults:3 | 28773 ||| Stepping ~*~*~tactically~*~*~ (outnumbered).
 28774 | Vaults:3 | 28774 ||| FLEEEEING.
 28776 | Vaults:3 | 28776 ||| FLEEEEING.
 28777 | Vaults:3 | 28777 ||| FLEEEEING.
 28782 | Vaults:3 | 28782 ||| FLEEEEING.
 28784 | Vaults:3 | 28784 ||| FLEEEEING.
 28789 | Vaults:3 | 28789 ||| FLEEEEING.
 28790 | Vaults:3 | 28790 ||| FLEEEEING.
 28791 | Vaults:3 | 28791 ||| FLEEEEING.
 28792 | Vaults:3 | 28792 ||| FLEEEEING.
 28812 | Vaults:3 | 28812 ||| FLEEEEING.
 28813 | Vaults:3 | 28813 ||| FLEEEEING.
 28814 | Vaults:3 | 28814 ||| STAIRDANCE
 28988 | Vaults:3 | Reached ****** piety under Okawaru
 29154 | Vaults:3 | Received a gift from Okawaru
 29155 | Vaults:3 | 29155 ||| FLEEEEING.
 29157 | Vaults:3 | 29157 ||| FLEEEEING.
 29158 | Vaults:3 | 29158 ||| FLEEEEING.
 29159 | Vaults:3 | 29159 ||| FLEEEEING.
 29160 | Vaults:3 | 29160 ||| FLEEEEING.
 29161 | Vaults:3 | 29161 ||| Stepping ~*~*~tactically~*~*~ (outnumbered).
 29162 | Vaults:3 | 29162 ||| FLEEEEING.
 29165 | Vaults:3 | 29165 ||| Stepping ~*~*~tactically~*~*~ (outnumbered).
 29172 | Vaults:3 | 29172 ||| Stepping ~*~*~tactically~*~*~ (outnumbered).
 29174 | Vaults:3 | 29174 ||| Stepping ~*~*~tactically~*~*~ (outnumbered).
 29381 | Vaults:3 | 29381 ||| DRINKING potion of resistance.
 29530 | Vaults:3 | 29530 ||| INVOKING Heroism.
 29531 | Vaults:3 | 29531 ||| INVOKING Finesse.
 29535 | Vaults:3 | Reached XP level 19. HP: 189/189 MP: 17/25
 29783 | Vaults:3 | 29783 ||| Stepping ~*~*~tactically~*~*~ (outnumbered).
 29835 | Vaults:3 | Received a gift from Okawaru
 29845 | Vaults:3 | Found a staircase to the Crypt.
 30114 | Vaults:4 | Reached skill level 22 in Fighting
 30178 | Vaults:4 | 30178 ||| INVOKING Heroism.
 30179 | Vaults:4 | 30179 ||| INVOKING Finesse.
 30247 | Vaults:4 | 30247 ||| Stepping ~*~*~tactically~*~*~ (outnumbered).
 30249 | Vaults:4 | 30249 ||| Stepping ~*~*~tactically~*~*~ (outnumbered).
 30259 | Vaults:4 | 30259 ||| INVOKING Heroism.
 30266 | Vaults:4 | Reached skill level 12 in Armour
 30267 | Vaults:4 | 30267 ||| INVOKING Finesse.
 30275 | Vaults:4 | HP: 30/191 [vault warden/+2 great sword (38)]
 30276 | Vaults:4 | 30276 ||| READING 6 scrolls of teleportation.
 30276 | Vaults:4 | HP: 9/191 [yaktaur captain/bolt (23)]
 30277 | Vaults:4 | 30277 ||| DRINKING 4 potions of heal wounds.
 30278 | Vaults:4 | 30278 ||| DRINKING 3 potions of heal wounds.
 30279 | Vaults:4 | 30279 ||| DRINKING 2 potions of heal wounds.
 30286 | Vaults:4 | 30286 ||| FLEEEEING.
 30287 | Vaults:4 | 30287 ||| FLEEEEING.
 30288 | Vaults:4 | 30288 ||| FLEEEEING.
 30289 | Vaults:4 | 30289 ||| FLEEEEING.
 30290 | Vaults:4 | 30290 ||| FLEEEEING.
 30291 | Vaults:4 | 30291 ||| FLEEEEING.
 30295 | Vaults:4 | 30295 ||| FLEEEEING.
 30296 | Vaults:4 | 30296 ||| FLEEEEING.
 30297 | Vaults:4 | 30297 ||| FLEEEEING.
 30298 | Vaults:4 | 30298 ||| FLEEEEING.
 30299 | Vaults:4 | 30299 ||| FLEEEEING.
 30300 | Vaults:4 | 30300 ||| INVOKING Heroism.
 30680 | Vaults:4 | 30680 ||| Stepping ~*~*~tactically~*~*~ (outnumbered).
 30755 | Vaults:4 | 30755 ||| INVOKING Heroism.
 30756 | Vaults:4 | 30756 ||| INVOKING Finesse.
 30809 | Vaults:4 | 30809 ||| INVOKING Heroism.
 30810 | Vaults:4 | 30810 ||| INVOKING Finesse.
 30851 | Vaults:4 | Reached skill level 21 in Dodging
 30856 | Vaults:4 | Found Qakez's Weapon Boutique.
 31194 | Vaults:4 | Found a huge runed gate.
 31194 | Vaults:4 | Found a huge runed gate.
 31194 | Vaults:4 | Found a huge runed gate.
 31194 | Vaults:4 | Found a huge runed gate.
 31194 | Vaults:4 | Found a huge runed gate.
 31194 | Vaults:4 | Found a huge runed gate.
 31195 | Vaults:4 | Found a huge runed gate.
 31195 | Vaults:4 | Found a huge runed gate.
 31195 | Vaults:4 | Found a huge runed gate.
 31195 | Vaults:4 | Found a huge runed gate.
 31203 | Vaults:4 | Found a huge runed gate.
 31203 | Vaults:4 | Found a huge runed gate.
 31203 | Vaults:4 | Found a huge runed gate.
 31203 | Vaults:4 | Found a huge runed gate.
 31203 | Vaults:4 | Found a huge runed gate.
 31203 | Vaults:4 | Found a huge runed gate.
 31204 | Vaults:4 | Found a huge runed gate.
 31205 | Vaults:4 | Found a huge runed gate.
 31206 | Vaults:4 | Found a huge runed gate.
 31214 | Vaults:4 | Found a huge runed gate.
 31214 | Vaults:4 | Found a huge runed gate.
 31214 | Vaults:4 | Found a huge runed gate.
 31214 | Vaults:4 | Found a huge runed gate.
 31214 | Vaults:4 | Found a huge runed gate.
 31214 | Vaults:4 | Found a huge runed gate.
 31215 | Vaults:4 | Found a huge runed gate.
 31216 | Vaults:4 | Found a huge runed gate.
 31217 | Vaults:4 | Found a huge runed gate.
 31225 | Vaults:4 | Found a huge runed gate.
 31225 | Vaults:4 | Found a huge runed gate.
 31225 | Vaults:4 | Found a huge runed gate.
 31225 | Vaults:4 | Found a huge runed gate.
 31225 | Vaults:4 | Found a huge runed gate.
 31225 | Vaults:4 | Found a huge runed gate.
 31226 | Vaults:4 | Found a huge runed gate.
 31227 | Vaults:4 | Found a huge runed gate.
 31228 | Vaults:4 | 31228 ||| PLANNING SNAKE:4
 31228 | Vaults:4 | 31228 ||| DROPPING +2 leather armour of fire resistance.
 31576 | Snake:4  | Entered Level 4 of the Snake Pit
 31577 | Snake:4  | 31577 ||| INVOKING Heroism.
 31612 | Snake:4  | 31612 ||| Stepping ~*~*~tactically~*~*~ (outnumbered).
 31615 | Snake:4  | 31615 ||| Stepping ~*~*~tactically~*~*~ (outnumbered).
 31625 | Snake:4  | 31625 ||| INVOKING Heroism.
 31780 | Snake:4  | Found Iteonk's Distillery.
 31789 | Snake:4  | 31789 ||| BUYING potion of curing (60 gold).
 31789 | Snake:4  | Bought a potion of curing for 60 gold pieces
 31789 | Snake:4  | 31789 ||| BUYING potion of curing (60 gold).
 31789 | Snake:4  | Bought a potion of curing for 60 gold pieces
 31789 | Snake:4  | 31789 ||| BUYING potion of curing (60 gold).
 31789 | Snake:4  | Bought a potion of curing for 60 gold pieces
 31789 | Snake:4  | 31789 ||| BUYING potion of mutation (160 gold).
 31789 | Snake:4  | Bought a potion of mutation for 160 gold pieces
 31795 | Snake:4  | 31795 ||| Stepping ~*~*~tactically~*~*~ (outnumbered).
 31801 | Snake:4  | 31801 ||| Stepping ~*~*~tactically~*~*~ (outnumbered).
 31962 | Snake:4  | Reached skill level 23 in Fighting
 32022 | Snake:4  | 32022 ||| Stepping ~*~*~tactically~*~*~ (outnumbered).
 32025 | Snake:4  | 32025 ||| Stepping ~*~*~tactically~*~*~ (outnumbered).
 32027 | Snake:4  | 32027 ||| INVOKING Heroism.
 32030 | Snake:4  | 32030 ||| Stepping ~*~*~tactically~*~*~ (outnumbered).
 32038 | Snake:4  | 32038 ||| Stepping ~*~*~tactically~*~*~ (outnumbered).
 32105 | Snake:4  | 32105 ||| INVOKING Heroism.
 32162 | Snake:4  | 32162 ||| FLEEEEING.
 32163 | Snake:4  | 32163 ||| FLEEEEING.
 32164 | Snake:4  | 32164 ||| FLEEEEING.
 32172 | Snake:4  | 32172 ||| Stepping ~*~*~tactically~*~*~ (outnumbered).
 32182 | Snake:4  | 32182 ||| INVOKING Heroism.
 32379 | Snake:4  | 32379 ||| INVOKING Heroism.
 32559 | Snake:4  | 32559 ||| INVOKING Heroism.
 32727 | Snake:4  | 32727 ||| INVOKING Heroism.
 32750 | Snake:4  | 32750 ||| Stepping ~*~*~tactically~*~*~ (outnumbered).
 32752 | Snake:4  | 32752 ||| Stepping ~*~*~tactically~*~*~ (outnumbered).
 32758 | Snake:4  | Reached XP level 20. HP: 198/203 MP: 26/26
 32759 | Snake:4  | 32759 ||| Stepping ~*~*~tactically~*~*~ (outnumbered).
 32766 | Snake:4  | 32766 ||| Stepping ~*~*~tactically~*~*~ (outnumbered).
 32777 | Snake:4  | Received a gift from Okawaru
 32783 | Snake:4  | 32783 ||| INVOKING Heroism.
 32866 | Snake:4  | 32866 ||| Stepping ~*~*~tactically~*~*~ (outnumbered).
 32885 | Snake:4  | 32885 ||| INVOKING Heroism.
 32944 | Snake:4  | Got a serpentine rune of Zot
 32949 | Snake:4  | 32949 ||| PLANNING DEPTHS
 33276 | Depths:1 | Entered Level 1 of the Depths
 33278 | Depths:1 | 33278 ||| STAIRDANCE
 33328 | Depths:1 | Found a gateway to Hell.
 33333 | Depths:1 | 33333 ||| INVOKING Heroism.
 33334 | Depths:1 | 33334 ||| INVOKING Finesse.
 33381 | Depths:1 | 33381 ||| Stepping ~*~*~tactically~*~*~ (outnumbered).
 33396 | Depths:1 | 33396 ||| INVOKING Heroism.
 33397 | Depths:1 | 33397 ||| INVOKING Finesse.
 33561 | Depths:1 | 33561 ||| Stepping ~*~*~tactically~*~*~ (outnumbered).
 33626 | Depths:1 | Reached skill level 24 in Fighting
 33725 | Depths:1 | Found Row Fyow's Weapon Shoppe.
 33750 | Depths:1 | 33750 ||| INVOKING Finesse.
 33812 | Depths:1 | Found a one-way gateway to a ziggurat.
 33905 | Depths:1 | 33905 ||| INVOKING Finesse.
 34194 | Depths:2 | 34194 ||| INVOKING Heroism.
 34195 | Depths:2 | 34195 ||| INVOKING Finesse.
 34286 | Depths:2 | 34286 ||| INVOKING Heroism.
 34287 | Depths:2 | 34287 ||| INVOKING Finesse.
 34288 | Depths:2 | HP: 42/209 [fire giant/fireball (46)]
 34289 | Depths:2 | 34289 ||| READING 7 scrolls of teleportation.
 34290 | Depths:2 | 34290 ||| DRINKING potion of heal wounds.
 34390 | Depths:2 | Found a transporter.
 34534 | Depths:2 | Found a transporter.
 34572 | Depths:2 | Found a one-way gate to the infinite horrors of the Abyss.
 34892 | Depths:2 | Found a one-way gate leading to the halls of Pandemonium.
 35020 | Depths:2 | 35020 ||| INVOKING Heroism.
 35062 | Depths:2 | 35062 ||| INVOKING Heroism.
 35227 | Depths:2 | 35227 ||| DROPPING +2 leather armour of cold resistance.
 35257 | Depths:3 | Noticed the Enchantress
 35258 | Depths:3 | 35258 ||| INVOKING Heroism.
 35263 | Depths:3 | Reached skill level 25 in Fighting
 35266 | Depths:3 | 35266 ||| STAIRDANCE
 35268 | Depths:2 | 35268 ||| DRINKING 26 potions of curing.
 35268 | Depths:2 | 35268 ||| (to cure confusion)
 35272 | Depths:2 | 35272 ||| DRINKING 25 potions of curing.
 35272 | Depths:2 | 35272 ||| (to cure confusion)
 35275 | Depths:2 | HP: 48/210 [poisoned by a spriggan defender]
 35275 | Depths:2 | HP: 23/210 [spriggan defender/+2 demon whip of venom[the
                  | Enchantress] (25)]
 35276 | Depths:2 | HP: 11/210 [poisoned by a spriggan defender]
 35277 | Depths:2 | HP: 2/210 [poisoned by a spriggan defender]
 35278 | Depths:2 | Succumbed to a spriggan defender's poison

Levels and vault maps discovered:
D:1:      dpeg_arrival_water_temple_mockup, layout_basic, minmay_domino_4
D:2:      layout_loops_corners, nrook_mini_vaults, grunt_ministairs_3
D:3:      layout_rooms, cheibrodos_sewer_entry_bend, biasface_ghost_orc_armoury,
          amethyst_killhole, minivault_5
D:4:      layout_gridville, temple_hall
D:5:      layout_loops_ring
D:6:      layout_cave_pools, marbit_many_paths, gammafunk_ghost_smash,
          eino_tiny_chamber, uniq_blork_the_orc
D:7:      layout_gridville, mainiacjoe_overflow_catch_the_wave,
          mainiacjoe_overflow_paths, nicolae_the_louvre
D:8:      layout_cave_pools, nicolae_tso_besieged_by_evil
D:9:      layout_roguey, minmay_lair_entry_lava,
          ploomutoo_gammafunk_ghost_potion_laboratory, uniq_amaemon
D:10:     layout_irregular_city, mainiacjoe_overflow_concentric_impassable,
          general_overflow_altar, gammafunk_ghost_stat_death, enter_trove_3,
          uniq_erica
D:11:     layout_gridville
D:12:     layout_irregular_city, david_orc_1_choice
D:13:     minmay_the_grid_four_pointed_star
          [minmay_the_grid_triangle_9x9_subtriangle,
          minmay_the_grid_triangle_9x9_flanged_cone,
          minmay_the_grid_triangle_9x9_empty,
          minmay_the_grid_triangle_9x9_warning,
          minmay_the_grid_prize_inner_circle], layout_basic
D:14:     layout_small_grid, david_vaults_2, serial_park_central
          [serial_park_minivault_5x5_8, serial_park_minivault_5x5_1]
D:15:     gammafunk_depths_entry_grave, layout_basic, serial_shops, shop,
          evilmike_ruin_ashenzari, uniq_louise
Temple:   eino_wide_crystal_templ
Lair:1:   layout_cellular_growth, nicolae_volcano_entry_hallway, basic_altar,
          uniq_maggie
Lair:2:   layout_chaotic_city, elwin_shoals_entry_rocks, dummy_snake_entry,
          st_stairs_5
Lair:3:   layout_layer_cave
Lair:4:   layout_big_grid, dpeg_slime_entry_corner,
          chequers_serial_rivers_small_b, minmay_shattered_shrine,
          serial_bayou_shore_a
Lair:5:   gammafunk_lair_ancient_temple, layout_concentric_octagons
Shoals:1: layout_shoals, nicolae_shoals_cliffside_cave,
          hangedman_shoals_cup_caves
Shoals:2: layout_shoals, serial_nicolae_subway, nicolae_sub_station_metal,
          nicolae_sub_station_crystal, nicolae_sub_station_stone
Shoals:3: layout_shoals
Shoals:4: shoals_end_simple, layout_shoals, lemuel_oklob_altar
Snake:1:  layout_basic, uniq_josephine, uniq_azrael
Snake:2:  layout_misc_corridors, serial_bayou_crossing
Snake:3:  layout_grid_shapes, grunt_megastairs_5, minmay_shoptagon
Snake:4:  snake_pit_salamanders_mu, layout_cave_town, serial_shops,
          nicolae_shop_industrial_runoff
Orc:1:    giant_chief_lemuel, layout_caves, uniq_nergalle
Orc:2:    st_orc_rangers, layout_diamond_mine, hangedman_minor_magic
Vaults:1: nicolae_vaults_apartment_1, nicolae_vaults_storage_closets_1,
          nicolae_vaults_ninety_degrees, hellmonk_guarded_unrand_gong,
          nicolae_vaults_lightning_bolt, ontoclasm_vaults_bender,
          nicolae_vaults_surprise_closet, v_misc_15, vaults_room_pools,
          nicolae_vaults_little_squares_5, vaults_dpeg_doors,
          nicolae_vaults_tetromino_L_2, ontoclasm_vaults_twist,
          layout_vaults_omnibox
Vaults:2: hangedman_vaults_nails, vaults_room_large_hall,
          ontoclasm_vaults_tryst, vaults_room_corners, vaults_room_corners,
          nicolae_vaults_storage_closets_2, layout_vaults_quadrants,
          serial_shops, shop, uniq_aizul
Vaults:3: nicolae_vaults_triangles, nicolae_vaults_circle_grid_b,
          vaults_room_stairs_pillars, vaults_mumra_chevron, v_rooms_3,
          hangedman_vaults_trim, nicolae_vaults_surprise_closet, v_misc_31,
          nicolae_vaults_rhombus_7, hangedman_vaults_trim,
          nicolae_vaults_house_2, minmay_crypt_entry_skeletal_spiral,
          vaults_dpeg_encased_lava, layout_vaults_omnicross
Vaults:4: hangedman_vaults_trim, nicolae_vaults_diagonal_hallway_6, v_rooms_6,
          door_vault, nicolae_vaults_taking_the_gang_shopping, v_misc_8,
          nicolae_vaults_diamond_1, v_misc_28, vaults_room_octagon,
          vaults_room_door_ring, grunt_vaults_bifocal,
          nicolae_vaults_tetromino_L_1, vaults_dpeg_cross,
          vaults_room_door_ring, layout_vaults_ring
Depths:1: layout_roguey, enter_ziggurat_c, grunt_decor_junction, hell_entry,
          kennysheep_generic_room_3, grunt_megastairs_2, minmay_shop_star
Depths:2: gammafunk_dig_for_victory, layout_gridlike, rand_demon_pan_entry_4,
          grunt_hell_entry_dis_mu, abyss_entry_crystal,
          infiniplex_staircase_zigzag_1
Depths:3: minmay_bloctagon_deflated, layout_gridlike, reono_crystal_passage,
          pan_entry, serial_shops, nicolae_shop_bloodbath_and_beyond,
          nicolae_shop_rolled_up, nicolae_shop_trees, shop,
          nicolae_shop_dealshenge, hell_entry, hangedman_abyss_entry_splay,
          uniq_saint_roka, uniq_vv, uniq_enchantress

Skill      XL: |  1  2  3  4  5  6  7  8  9 10 11 12 13 14 15 16 17 18 19 20 |
---------------+-------------------------------------------------------------+-----
Ranged Weapons | 3 4 5 6 7 9 10 12 14 16 18 21 22 | 22.0
Fighting       | 2 3 4 5 6 7 9 10 11 12 15 17 19 21 23 25 | 25.0
Armour         | 1 2 3 4 5 7 8 9 10 11 12 13 | 13.2
Dodging        | 3 5 7 9 11 13 16 18 20 21 22 | 22.0
Invocations    | 3 4 5 9 10 | 10.1
Spellcasting   | |  1.0
Hexes          | |  2.0

Action                     |  1- 3 |  4- 6 |  7- 9 | 10-12 | 13-15 | 16-18 | 19-21 || total
---------------------------+-------+-------+-------+-------+-------+-------+-------++-------
   Fire: Sling             |    22 |       |       |       |       |       |       ||    22
         Hand crossbow     |    67 |   113 |   172 |   304 |       |       |       ||   656
         Arbalest          |       |       |       |     7 |   552 |       |       ||   559
         Longbow           |       |       |       |       |    82 |       |       ||    82
         Triple crossbow   |       |       |       |       |   344 |   915 |   667 ||  1926
 Invoke: Heroism           |       |       |     8 |    28 |    38 |    28 |    22 ||   124
         Finesse           |       |       |       |     1 |     6 |     5 |    10 ||    22
    Use: Scroll            |     3 |     8 |     7 |     3 |    11 |     2 |     2 ||    36
         Potion            |     1 |     1 |     1 |     1 |     4 |     5 |     6 ||    19
 Armour: Robe              |     2 |       |       |       |       |       |       ||     2
         Leather armour    |     1 |       |       |       |       |       |       ||     1
         Ring mail         |     9 |    12 |    60 |    18 |       |       |       ||    99
         Steam dragon scal |       |       |       |    33 |    15 |       |       ||    48
         Troll leather arm |       |       |       |       |    47 |    60 |    38 ||   145
  Dodge: Dodged            |    25 |    36 |    80 |   160 |   491 |   709 |   559 ||  2060
  Block: Other             |       |       |    26 |    66 |    95 |   103 |    95 ||   385
         Reflection        |       |       |     4 |       |    18 |    22 |     8 ||    52

Table legend:
 A = Non-vault XP
 B = Vault XP
 C = Vault XP percentage of total XP
 D = Non-vault monster count
 E = Vault monster count
 F = Vault count percentage of total count
                 A         B        C        D         E       F
            +---------+---------+-------+---------+---------+-------
      Total |  353991 |  202754 |  36.4 |     915 |     423 |  31.6
            +---------+---------+-------+---------+---------+-------
        D:1 |      26 |       3 |  10.3 |      17 |       2 |  10.5
        D:2 |      24 |       2 |   7.7 |      13 |       1 |   7.1
        D:3 |      88 |      10 |  10.2 |      18 |       2 |  10.0
        D:4 |     346 |       0 |   0.0 |      19 |       0 |   0.0
        D:5 |     354 |       0 |   0.0 |       7 |       0 |   0.0
        D:6 |     396 |     128 |  24.4 |      24 |       2 |   7.7
        D:7 |     950 |       0 |   0.0 |      12 |       0 |   0.0
        D:8 |     654 |      54 |   7.6 |      18 |       9 |  33.3
        D:9 |    2465 |    1961 |  44.3 |      29 |       3 |   9.4
       D:10 |    2428 |     847 |  25.9 |      19 |       1 |   5.0
       D:11 |    3541 |       0 |   0.0 |      28 |       0 |   0.0
       D:12 |    5435 |     725 |  11.8 |      27 |       9 |  25.0
       D:13 |    4702 |    8767 |  65.1 |      10 |      15 |  60.0
       D:14 |    9055 |    1616 |  15.1 |      17 |       3 |  15.0
       D:15 |    7295 |    5800 |  44.3 |      19 |       9 |  32.1
     Lair:1 |    4692 |     376 |   7.4 |      21 |       1 |   4.5
     Lair:2 |    7144 |     925 |  11.5 |      17 |       2 |  10.5
     Lair:3 |    5508 |       0 |   0.0 |      17 |       0 |   0.0
     Lair:4 |   10039 |    5845 |  36.8 |      19 |      12 |  38.7
     Lair:5 |   13949 |    9005 |  39.2 |      45 |      21 |  31.8
   Shoals:1 |   10248 |    7346 |  41.8 |      20 |      12 |  37.5
   Shoals:2 |   14978 |       0 |   0.0 |      29 |       0 |   0.0
   Shoals:3 |   16482 |       0 |   0.0 |      33 |       0 |   0.0
   Shoals:4 |   13974 |   25073 |  64.2 |      32 |      45 |  58.4
    Snake:1 |   18741 |    3618 |  16.2 |      38 |      12 |  24.0
    Snake:2 |    5624 |       0 |   0.0 |       9 |       0 |   0.0
    Snake:3 |   27562 |    1970 |   6.7 |      45 |       6 |  11.8
    Snake:4 |   29447 |   30252 |  50.7 |      61 |      49 |  44.5
      Orc:1 |    4448 |   10388 |  70.0 |      39 |      21 |  35.0
      Orc:2 |    3517 |    7919 |  69.2 |      41 |      56 |  57.7
   Vaults:1 |   23313 |   11049 |  32.2 |      34 |      14 |  29.2
   Vaults:2 |   17262 |    8227 |  32.3 |      22 |      10 |  31.2
   Vaults:3 |   19673 |   23770 |  54.7 |      29 |      40 |  58.0
   Vaults:4 |   17496 |   26455 |  60.2 |      20 |      34 |  63.0
   Depths:1 |   40232 |    5971 |  12.9 |      56 |       7 |  11.1
   Depths:2 |   10321 |    1549 |  13.0 |       9 |       2 |  18.2
   Depths:3 |    1582 |    2957 |  65.1 |       2 |       3 |  60.0
      Sewer |       0 |     146 | 100.0 |       0 |      20 | 100.0
            +---------+---------+-------+---------+---------+-------
